 Dungeon Crawl Stone Soup version 0.16.1-30-g34a7ffa (webtiles) character file.

6297 o080o the Fighter (level 10, -18/73 HPs)
             Began as an Octopode Transmuter on June 25, 2015.
             Was an Elder of Dithmenos.
             Demolished by an ogre
             ... wielding a +0 giant spiked club
             ... summoned by a shadow trap
             ... triggered by the player character
              (22 damage)
             ... on level 10 of the Dungeon on June 26, 2015.
             The game lasted 01:49:45 (15857 turns).

o080o the Fighter (Octopode Transmuter)            Turns: 15857, Time: 01:49:45

Health: -18/73     AC:  1    Str: 11    XL:     10   Next: 94%
Magic:  11/16      EV: 16    Int: 17    God:    Dithmenos [****..]
Gold:   596        SH:  0    Dex: 15    Spells: 4 memorised, 2 levels left

rFire  . . .     SeeInvis .     S - melded +2 halberd (protect)
rCold  . . .     Clarity  .     (shield currently unavailable)
rNeg   . . .     SustAb   .     (helmet restricted)
rPois  .         Gourm    .     (no amulet)
rElec  .         Spirit   .     p - ring of protection from magic
rCorr  .         Warding  .     B - +2 ring of intelligence
rMut   .         Stasis   .     R - ring of teleport control
MR     +....                    (no ring)
Stlth  ++++++....               (no ring)
                                (no ring)
                                (no ring)
                                (no ring)

@: about to teleport, blade tentacles, wreathed by umbra, somewhat resistant to
hostile enchantments, very stealthy
A: almost no armour, amphibious, 8 rings, constrict 8, camouflage 1, gelatinous
body 1
a: End Transformation, Shadow Step, Renounce Religion, Evoke Teleport Control


You were on level 10 of the Dungeon.
You worshipped Dithmenos.
Dithmenos was greatly pleased with you.
You were not hungry.
You had blades for tentacles.
You visited 2 branches of the dungeon, and saw 11 of its levels.

You collected 596 gold pieces.

Inventory:

Hand weapons
 w - a cursed +0 blowgun
 H - a +0 shortbow
 J - a +0 hunting sling of flaming
 S - a +2 halberd of protection (melded)
Missiles
 b - 127 arrows
 k - 30 stones (quivered)
 x - 49 poisoned needles
 E - 16 arrows of flame
 M - 13 arrows of dispersal
 P - 13 arrows of frost
 Z - 4 needles of paralysis
Armour
 O - a cursed +0 shield
Jewellery
 p - a ring of protection from magic (left scythe-like blade)
 B - a +2 ring of intelligence (right scythe-like blade)
 R - a ring of teleport control (on tentacle)
Magical devices
 u - a wand of frost (19)
 D - a wand of magic darts (24)
 I - a wand of magic darts (25)
Scrolls
 c - 2 scrolls of immolation
 e - a scroll of random uselessness {unknown}
 f - a scroll of holy word {unknown}
 h - 2 scrolls of amnesia
 j - 5 scrolls of enchant armour
 l - 2 scrolls of fear {unknown}
 q - 8 scrolls of remove curse
 r - 2 scrolls of fog
 t - a scroll of recharging
 U - a scroll of identify
 V - 2 scrolls of enchant weapon {unknown}
Potions
 a - 3 potions of might
 i - a potion of haste
 m - 3 potions of brilliance
 n - a potion of beneficial mutation {unknown}
 o - a potion of agility {unknown}
 z - a potion of resistance {unknown}
 A - 3 potions of restore abilities
 G - 3 potions of heal wounds {unknown}
 K - a potion of poison {unknown}
 L - 3 potions of curing
 T - a potion of magic
 X - 2 potions of cure mutation {unknown}
Books
 d - a book of Changes

   Spells                             Type                      Level
   a - Beastly Appendage              Transmutation                1
   b - Sticks to Snakes               Transmutation                2
   c - Spider Form                    Transmutation/Poison         3
   d - Ice Form                       Ice/Transmutation            4
   e - Blade Hands                    Transmutation                5
 v - a book of Transfigurations

   Spells                             Type                      Level
   a - Stoneskin                      Transmutation/Earth          2
   b - Irradiate                      Conjuration/Transmutation    5
   c - Statue Form                    Transmutation/Earth          6
   d - Hydra Form                     Transmutation                6
   e - Dragon Form                    Transmutation                7
 Q - a book of Beasts

   Spells                             Type                      Level
   a - Summon Butterflies             Summoning                    1
   b - Call Canine Familiar           Summoning                    3
   c - Summon Ice Beast               Ice/Summoning                4
   d - Summon Mana Viper              Hexes/Summoning              5
   e - Monstrous Menagerie            Summoning                    6
   f - Summon Hydra                   Summoning                    7
Miscellaneous
 C - a plain deck of summoning
 N - a disc of storms
Comestibles
 g - 2 bread rations
 s - 6 beef jerkies


   Skills:
 * Level 8.9 Fighting
 + Level 0.4 Throwing
 + Level 7.3 Dodging
 + Level 5.3 Stealth
 + Level 8.1 Unarmed Combat
 - Level 2.0 Spellcasting
 + Level 8.2 Transmutations
 - Level 1.0 Poison Magic


You had 2 spell levels left.
You knew the following spells:

 Your Spells              Type           Power        Failure   Level  Hunger
a - Beastly Appendage     Trmt           ####..       14%         1    #......
b - Spider Form           Trmt/Pois      ###.......   45%         3    ###....
c - Blade Hands           Trmt           ####......   63%         5    ######.
d - Stoneskin             Trmt/Erth      ###.....     36%         2    ###....


Dungeon Overview and Level Annotations

Branches:
Dungeon (10/15)            Temple (1/1) D:4
   Lair: D:8-11         Orc: D:9-12

Altars:
Ashenzari
Cheibriados
Dithmenos
Elyvilon
Fedhas
Gozag
Kikubaaqudgha
Makhleb
Nemelex Xobeh
Okawaru
Qazlal
Ru
Sif Muna
Trog
Vehumet
Xom
Yredelemnul
Zin
The Shining One

Portals:
Trove: D:10 (give wand of hasting (8))

Annotations:
D:10 murphyslaw's ghost, experienced OpAr


Innate Abilities, Weirdness & Mutations

You cannot wear most types of armour.
You are amphibious.
You can wear up to eight rings at the same time.
You can use your tentacles to constrict many enemies at once.
Your skin changes colour to match your surroundings (Stealth).
Your rubbery body absorbs attacks (AC +1).


Message History

Casting: Stoneskin
Confirm with . or Enter, or press ? or * to list all spells.
Your tentacles turn into razor-sharp scythe blades.
Your +2 halberd of protection melds into your body.
You feel less protected.
The big kobold hits you with a short sword!
The ogre hits you with a giant spiked club!!
You slash the ogre!
The ogre is moderately wounded.
You barely miss the ogre. You squeeze the ogre, but do no damage.
The ogre is moderately wounded.
Your shadow hits the ogre.
The big kobold hits you with a short sword.
The ogre hits you with a giant spiked club!!
* * * LOW HITPOINT WARNING * * *
You emit a cloud of dark smoke.
As you read the scroll of teleportation, it crumbles to dust.
You feel strangely unstable. The big kobold barely misses you.
The ogre hits you with a giant spiked club!!
You die...

############
#..........#####
#.<.........
##....#####
##..KO@KK#
#..K###KK# #...#
K... #.... ###.
#####. .# #


You could see a big kobold, an ogre and 4 kobolds.

Vanquished Creatures
  The ghost of buddha the Transmogrifier, an experienced OpTm of Ashenzari (D:9)
  A manticore (D:9)
  The ghost of nilly the Chopper, an experienced HOFi of Beogh (D:5)
  A two-headed ogre (D:8)
  A hungry ghost (D:9)
  Edmund (D:6)
  3 orc warriors
  2 water moccasins
  A black bear (D:9)
  A sky beast (D:9)
  5 ice beasts
  9 ogres
  2 centaurs
  2 necrophages
  5 giant frogs
  A water moccasin zombie (D:9)
  2 scorpions
  3 killer bees (D:9)
  A crimson imp (D:6)
  A wight (D:9)
  2 goliath beetles
  7 hounds
  2 giant frog zombies
  6 orc priests
  3 giant frog skeletons
  7 iguanas
  7 orc wizards
  5 worker ants
  Natasha (D:5)
  A gnoll shaman (D:6)
  A hell rat (D:6)
  A killer bee zombie (D:6)
  A hound zombie (D:6)
  2 mummies (D:9)
  A worker ant zombie (D:8)
  10 adders
  14 gnolls
  6 river rats (D:6)
  A giant mite (D:1)
  3 shadow imps
  A worm (D:2)
  4 giant geckos
  3 oozes
  38 orcs
  12 bats
  A bat skeleton (D:5)
  6 giant cockroaches
  21 goblins
  19 hobgoblins
  3 jackals (D:4)
  12 kobolds
  5 quokkas
  3 ball pythons
  A giant gecko skeleton (D:5)
  5 giant newts
  A giant spore (D:10)
  2 jackal skeletons
  A quokka skeleton (D:6)
  A quokka zombie (D:5)
  31 rats
  12 ballistomycetes
  A bush (D:5)
  4 plants (D:9)
312 creatures vanquished.

Vanquished Creatures (others)
  A big kobold (D:8)
  An ogre (D:8)
  A giant frog (D:8)
  A scorpion (D:8)
  An iguana (D:8)
  A giant gecko (D:8)
  A giant cockroach (D:8)
  A hobgoblin (D:8)
  5 giant spores (D:7)
13 creatures vanquished.

Grand Total: 325 creatures vanquished

Notes
Turn   | Place    | Note
--------------------------------------------------------------
     0 | D:1      | o080o, the Octopode Transmuter, began the quest for the Orb.
     0 | D:1      | Reached XP level 1. HP: 13/13 MP: 3/3
   106 | D:1      | Reached XP level 2. HP: 18/18 MP: 2/4
   761 | D:1      | Reached XP level 3. HP: 21/24 MP: 6/6
  1862 | D:2      | Reached XP level 4. HP: 27/30 MP: 7/7
  1867 | D:2      | Learned a level 3 spell: Spider Form
  2412 | D:3      | Found a glowing golden altar of the Shining One.
  2420 | D:3      | Found a burning altar of Makhleb.
  2434 | D:3      | Found a blossoming altar of Fedhas.
  2917 | D:3      | Reached XP level 5. HP: 36/36 MP: 5/9
  3336 | D:4      | Reached skill level 4 in Unarmed Combat
  3382 | D:4      | Found a sparkling altar of Nemelex Xobeh.
  3462 | D:4      | Noticed an ogre
  3611 | D:4      | Reached XP level 6. HP: 26/42 MP: 8/10
  3994 | D:4      | Killed an ogre
  3994 | D:4      | Reached skill level 1 in Poison Magic
  4082 | D:4      | Found a stormy altar of Qazlal.
  4191 | D:4      | Reached XP level 7. HP: 43/47 MP: 8/12
  4859 | D:4      | Found a staircase to the Ecumenical Temple.
  5054 | Temple   | Entered the Ecumenical Temple
  5099 | Temple   | Became a worshipper of Dithmenos the Shadowed
  5141 | D:5      | Entered Level 5 of the Dungeon
  5554 | D:5      | Found a white marble altar of Elyvilon.
  5588 | D:5      | Noticed nilly's ghost (experienced HOFi)
  5994 | D:5      | Noticed Natasha
  5999 | D:5      | Killed Natasha
  6432 | D:6      | Noticed Edmund
  6444 | D:6      | Killed Edmund
  6485 | D:6      | Reached skill level 5 in Fighting
  6495 | D:6      | Reached XP level 8. HP: 42/55 MP: 11/13
  6686 | D:6      | Reached skill level 5 in Unarmed Combat
  7210 | D:6      | Acquired Dithmenos' first power
  7237 | D:6      | Learned a level 5 spell: Blade Hands
  7405 | D:6      | Reached skill level 5 in Transmutations
  7634 | D:6      | Reached skill level 6 in Fighting
  7766 | D:6      | Reached skill level 5 in Dodging
  8103 | D:6      | Reached XP level 9. HP: 57/63 MP: 14/14
  8702 | D:5      | Killed nilly's ghost
  8702 | D:5      | Reached skill level 7 in Fighting
  9203 | D:7      | Acquired Dithmenos' second power
 10078 | D:7      | Reached skill level 1 in Stealth
 11295 | D:8      | Reached XP level 10. HP: 36/72 MP: 13/16
 11475 | D:8      | Found a shimmering altar of Xom.
 12808 | D:9      | Reached skill level 8 in Fighting
 12989 | D:10     | Entered Level 10 of the Dungeon
 12995 | D:9      | Noticed buddha's ghost (experienced OpTm)
 13780 | D:9      | Killed buddha's ghost
 13853 | D:9      | Acquired Dithmenos' third power
 14319 | D:9      | Noticed a manticore
 14324 | D:9      | Killed a manticore
 14324 | D:9      | Reached skill level 5 in Stealth
 15061 | D:10     | Found a portal to a secret trove of treasure.
 15339 | D:10     | Learned a level 2 spell: Stoneskin
 15410 | D:10     | Noticed murphyslaw's ghost (experienced OpAr)
 15857 | D:10     | Demolished by an ogre

Action                   |  1- 3 |  4- 6 |  7- 9 | 10-12 || total
-------------------------+-------+-------+-------+-------++-------
Melee: Unarmed           |    76 |   126 |   563 |   225 ||   990
Throw: Stone             |       |     2 |     6 |     2 ||    10
 Cast: Beastly Appendage |     2 |       |       |       ||     2
       Spider Form       |       |    12 |    36 |       ||    48
       Blade Hands       |       |       |     3 |    22 ||    25
       Stoneskin         |       |       |       |     2 ||     2
Evoke: Wand              |       |       |     1 |       ||     1
  Use: Scroll            |     2 |     8 |     7 |     3 ||    20
       Potion            |       |     1 |     3 |       ||     4
 Stab: Sleeping          |     3 |     3 |     7 |    16 ||    29
  Eat: Bread ration      |     1 |     1 |     1 |     2 ||     5
       Fruit             |       |     2 |     2 |     1 ||     5
       Chunk             |       |     2 |    11 |     5 ||    18
       Meat ration       |       |       |     2 |     2 ||     4
       Pizza             |       |       |     2 |     1 ||     3
